 Dungeon Crawl Stone Soup version 0.24.0-13-gcf9b3192b9 (webtiles) character file.

Game seed: 10825957933679094651, levelgen mode: deterministic

3598 FessEmpty the Carver (level 10, -1/70 HPs)
             Began as a Human Abyssal Knight on Nov 9, 2019.
             Was an Elder of Lugonu.
             Slain by a death yak (17 damage)
             ... on level 8 of the Dungeon.
             The game lasted 00:33:21 (10788 turns).

FessEmpty the Carver (Human Abyssal Knight)        Turns: 10788, Time: 00:33:21

Health: -1/70      AC: 15    Str: 15    XL:     10   Next: 31%
Magic:  0/14       EV: 11    Int: 16    God:    Lugonu [****..]
Gold:   253        SH:  0    Dex: 18    Spells: 9/9 levels left

rFire    . . .     SeeInvis .   m - +0 long sword (slice)
rCold    . . .     Gourm    .   (no shield)
rNeg     + . .     Faith    .   F - +0 plate armour
rPois    .         Spirit   +   u - +2 hat of the Bear Spirit {Spirit, +Rage rN+ MR++}
rElec    .         Reflect  .   v - scarf {repulsion}
rCorr    .         Harm     .   (no gloves)
MR       ++...                  (no boots)
Stlth    ..........             y - amulet of magic regeneration
HPRegen  0.21/turn              B - +3 ring of intelligence
MPRegen  0.39/turn              C - +1 ring of evasion

@: agile, about to teleport, repel missiles
A: no striking features
a: Depart the Abyss, Bend Space, Banish, Corrupt, Renounce Religion, Evoke
Berserk Rage


You were on level 8 of the Dungeon.
You worshipped Lugonu.
Lugonu was greatly pleased with you.
You were near starving.

You visited 1 branch of the dungeon, and saw 8 of its levels.
You visited the Abyss 1 time.

You collected 385 gold pieces.
You spent 132 gold pieces at shops.

Inventory:

Hand Weapons
 a - a +1 falchion
 m - a +0 long sword of slicing (weapon)
Missiles
 i - 10 boomerangs
 l - 22 poisoned darts (quivered)
 w - 5 atropa-tipped darts
Armour
 u - the +2 hat of the Bear Spirit (worn) {Spirit, +Rage rN+ MR++}
   (You found it on level 5 of the Dungeon)

   It protects you from negative energy.
   It affects your resistance to hostile enchantments.
   It lets you go berserk.
 v - a scarf of repulsion (worn)
 F - a +0 plate armour (worn)
Jewellery
 y - an amulet of magic regeneration (around neck)
 B - a +3 ring of intelligence (left hand)
 C - a +1 ring of evasion (right hand)
Wands
 j - a wand of acid (1)
 o - a wand of flame (37)
Scrolls
 b - a scroll of magic mapping
 d - a scroll of fear
 h - 3 scrolls of immolation
 k - 3 scrolls of teleportation
 n - a scroll of random uselessness {unknown}
 r - 2 scrolls of remove curse
 t - a scroll of amnesia {unknown}
 x - 4 scrolls of identify
 A - a scroll of fog {unknown}
 E - a scroll of noise {unknown}
 H - a scroll of enchant armour {unknown}
Potions
 e - 4 potions of heal wounds
 f - 4 potions of brilliance
 g - a potion of cancellation {unknown}
 q - a potion of might {unknown}
 s - a potion of lignification {unknown}
 z - a potion of mutation {unknown}
Comestibles
 c - 15 rations


   Skills:
 - Level 3.0 Fighting
 * Level 9.3 Long Blades
 + Level 5.6 Throwing
 + Level 6.6 Armour
 - Level 1.0 Dodging
 + Level 3.3 Invocations
 - Level 6.0 Evocations


You had 9 spell levels left.
You didn't know any spells.
Your spell library was empty.

Dungeon Overview and Level Annotations

Branches:
Dungeon (8/15)             Temple (0/1) D:4
   Lair: D:8-11

Altars:
Fedhas
Okawaru
Sif Muna
Trog
Uskayaw

Shops:
D:5 [

Annotations:
D:5 3 runed translucent doors, zkyp's ghost, novice CeCK
D:8 1 exclusion


Message History

Okay, then.
You feel sick.
You feel sick.
You feel yourself speed up.
You feel sick. The soldier ant barely misses you.
You riposte.
You slash the soldier ant!
The soldier ant is heavily wounded.
You feel sick.
You feel sick.
You feel sick.
You feel sick.
You feel sick.
You feel sick.
You see here a stone.
You feel sick.
You feel sick.
You feel sick.
You feel sick.
You feel sick.
You feel sick.
There is a stone staircase leading up here.
You feel sick.
The soldier ant stings you but does no damage.
You climb upwards.
There is a stone staircase leading down here.
Okay, then.
Unknown command.
Okay, then.
As you read the scroll of fear, it crumbles to dust.
You assume a fearsome visage.
The soldier ant looks frightened!
You feel sick.
Throwing (i - inventory. (/) - cycle)
i - 10 boomerangs (quivered)
Press: ? - help, Shift-Dir - straight line, f - soldier ant
Aim: a soldier ant (heavily wounded, fleeing)
Okay, then.
Throwing (i - inventory. (/) - cycle)
i - 10 boomerangs (quivered)
Press: ? - help, Shift-Dir - straight line, f - soldier ant
Aim: a soldier ant (heavily wounded, fleeing)
You throw a boomerang.
The boomerang closely misses the soldier ant.
Throwing (i - inventory. (/) - cycle)
i - 10 boomerangs (quivered)
Press: ? - help, Shift-Dir - straight line, f/p - soldier ant
Aim: a soldier ant (heavily wounded, fleeing)
You throw a boomerang.
The boomerang barely misses the soldier ant.
Throwing (i - inventory. (/) - cycle)
i - 10 boomerangs (quivered)
Press: ? - help, Shift-Dir - straight line, f/p - soldier ant
Aim: a soldier ant (heavily wounded, fleeing)
You throw a boomerang. The boomerang hits the soldier ant.
Your attack snaps the soldier ant out of its fear.
The soldier ant is heavily wounded.
You feel sick.
Throwing (i - inventory. (/) - cycle)
i - 10 boomerangs (quivered)
Press: ? - help, Shift-Dir - straight line, f/p - soldier ant
Aim: a soldier ant (heavily wounded)
You throw a boomerang.
The boomerang hits the soldier ant but does no damage.
The soldier ant is heavily wounded.
Throwing (i - inventory. (/) - cycle)
i - 10 boomerangs (quivered)
Press: ? - help, Shift-Dir - straight line, f/p - soldier ant
Aim: a soldier ant (heavily wounded)
You throw a boomerang.
The boomerang hits the soldier ant but does no damage.
The soldier ant is heavily wounded.
Throwing (i - inventory. (/) - cycle)
i - 10 boomerangs (quivered)
Press: ? - help, Shift-Dir - straight line, f/p - soldier ant
Aim: a soldier ant (heavily wounded)
You throw a boomerang. The boomerang hits the soldier ant.
The soldier ant is heavily wounded.
Quiver which item? (- for none, * to show all) (? for menu, Esc to quit)
Quivering
l - 24 poisoned darts for throwing.
Throwing (i - inventory. (/) - cycle)
l - 24 poisoned darts (quivered)
Press: ? - help, Shift-Dir - straight line, f/p - soldier ant
Aim: a soldier ant (heavily wounded)
You throw a poisoned dart.
The poisoned dart closely misses the soldier ant.
Throwing (i - inventory. (/) - cycle)
l - 23 poisoned darts (quivered)
Press: ? - help, Shift-Dir - straight line, f/p - soldier ant
Aim: a soldier ant (heavily wounded)
Okay, then.
Quiver which item? (- for none, * to show all) (? for menu, Esc to quit)
Quivering
w - 5 atropa-tipped darts for throwing.
Throwing (i - inventory. (/) - cycle)
w - 5 atropa-tipped darts (quivered)
Press: ? - help, Shift-Dir - straight line, f/p - soldier ant
Aim: a soldier ant (heavily wounded, chance to blind on hit: 51%)
You throw an atropa-tipped dart.
The atropa-tipped dart hits the soldier ant.
The soldier ant appears confused.
The soldier ant is heavily wounded.
You feel sick.
You are no longer poisoned.
You hit the soldier ant.
The soldier ant is severely wounded.
The soldier ant seems less confused.
You hit the soldier ant but do no damage.
The soldier ant is severely wounded.
The soldier ant stings you.
* * * LOW HITPOINT WARNING * * *
You hit the soldier ant.
The soldier ant is severely wounded.
The soldier ant stings you.
* * * LOW HITPOINT WARNING * * *
You strike the helpless soldier ant from behind!
You slash the soldier ant!
You kill the soldier ant!
Lugonu accepts your kill.
You start resting.
Magic restored.
You start resting.
You are feeling very hungry.
You start resting.
You are near starving!
You start resting.
HP restored.
There is a stone staircase leading down here.
w - 5 atropa-tipped darts (gained 1)
l - 24 poisoned darts (gained 1) Done exploring.
(D) Dungeon (T) Temple
Where to? (Enter - D:8, ? - help)
There is a stone staircase leading down here.
You climb downwards.
Level annotation: 1 exclusion
There is a stone staircase leading up here.
You see here a stone.
You see here a stone.
A death yak comes into view.
The death yak bellows!
You hear a bellow!
The death yak moves out of view.
The death yak snorts and paws the ground.
The death yak is too close now for your liking.
Throwing (i - inventory. (/) - cycle)
w - 5 atropa-tipped darts (quivered)
Press: ? - help, Shift-Dir - straight line, f - death yak
Aim: a death yak (chance to blind on hit: 3%)
Okay, then.
Quiver which item? (- for none, * to show all) (? for menu, Esc to quit)
Quivering
l - 24 poisoned darts for throwing.
Throwing (i - inventory. (/) - cycle)
l - 24 poisoned darts (quivered)
Press: ? - help, Shift-Dir - straight line, f - death yak
Aim: a death yak You throw a poisoned dart.
The poisoned dart hits the death yak.
The death yak is poisoned.
A death yak comes into view.
Throwing (i - inventory. (/) - cycle)
l - 23 poisoned darts (quivered)
Press: ? - help, Shift-Dir - straight line, f/p - death yak
Aim: a death yak (lightly wounded, poisoned)
You throw a poisoned dart. The poisoned dart hits the death yak!
The death yak looks even sicker.
The death yak is lightly wounded.
You feel agile all of a sudden.
You hit the death yak.
The death yak is moderately wounded.
The death yak gores you.
A death yak comes into view.
The death yak bellows!
You hit the death yak.
The death yak is moderately wounded.
You hear a bellow! x2
A death yak comes into view.
The death yak gores you!
You hit the death yak.
The death yak is moderately wounded.
The death yak gores you!
That item cannot be evoked!
Evoke which item? (* to show all) (? for menu, Esc to quit)
Aiming: Corrosive Bolt
Press: ? - help, Shift-Dir - straight line, f - death yak, p - death yak
Aim: a death yak The bolt of acid hits the death yak!!
The death yak is splashed with acid.
The acid corrodes the death yak!
The death yak is severely wounded.
The bolt of acid hits the death yak!!
The death yak is splashed with acid.
The acid corrodes the death yak!
The death yak is moderately wounded.
A death yak comes into view.
The death yak gores you!!
Evoke which item? (* to show all) (? for menu, Esc to quit)
Aiming: Corrosive Bolt
Press: ? - help, Shift-Dir - straight line, f/p - death yak
Aim: a death yak The bolt of acid hits the death yak!
The death yak is splashed with acid.
The death yak seems to be corroded for longer.
The death yak is almost dead.
The bolt of acid hits the death yak!!
The death yak is splashed with acid.
The death yak is severely wounded.
The death yak gores you!
* * * LOW HITPOINT WARNING * * *
Okay, then.
Unknown command.
As you read the scroll of fear, it crumbles to dust.
You assume a fearsome visage.
The death yak looks frightened! x3
The death yak resists with almost no effort.
The death yak seems to regain its courage.
Cornered, the death yak turns to fight!
As you read the scroll of teleportation, it crumbles to dust.
You feel strangely unstable.
Your plate armour prevents you from hitting the death yak.
The death yak is almost dead.
The death yak gores you!!
You die...

#......###.#.###.........
######......'.#.#.............
#...........###########.......
#...........#.#.#.# ##......
#...........##.#a# ####.....
#........#....#†# #........
#........##.##.#.# ######...
#........##.###### #...
#........####@# #.#.
#........####Y# #.#.
#........(Y.Y.# #.#.
#........###### ######.##
#........# ..........
#..........# .........#
#.###.Y##### .........# #. ##.
.........# Y( .........#


You could see 2 death yaks.

Vanquished Creatures
  2 hornets
  A hippogriff (D:8)
  A hungry ghost (D:5)
  A water moccasin (D:7)
  A soldier ant (D:7)
  An orc warrior (D:8)
  2 black bears (D:8)
  An ice beast (D:7)
  A sky beast (D:6)
  7 ogres
  3 centaurs
  A big kobold (D:7)
  A bullfrog (D:7)
  3 scorpions
  3 killer bees (D:8)
  2 howler monkeys
  4 crimson imps
  An orc priest (D:8)
  5 hounds
  2 orc wizards
  3 iguanas
  6 worker ants
  A bullfrog skeleton (D:7)
  2 hound zombies (D:7)
  A hound skeleton (D:8)
  A howler monkey skeleton (D:4)
  7 adders
  7 gnolls
  2 shadow imps
  3 adder skeletons
  A worm (D:2)
  4 dart slugs
  3 leopard geckos
  9 orcs
  A ball python (D:2)
  5 giant cockroaches
  9 goblins
  5 hobgoblins
  13 jackals
  10 kobolds
  3 quokkas
  6 bats
  8 frilled lizards
  A leopard gecko skeleton (D:4)
  A leopard gecko zombie (D:6)
  7 rats
162 creatures vanquished.

Vanquished Creatures (others)
  A fungus (D:5)
  3 plants (D:5)
4 creatures vanquished.

Grand Total: 166 creatures vanquished

Notes
Turn   | Place    | Note
-------+----------+-------------------------------------------
     0 | Abyss:1  | FessEmpty the Human Abyssal Knight began the quest for the
                  | Orb.
     0 | Abyss:1  | Reached XP level 1. HP: 18/18 MP: 2/2
   138 | Abyss:1  | Noticed a smoke demon
   140 | D:1      | Escaped the Abyss
   287 | D:1      | Reached XP level 2. HP: 24/24 MP: 3/3
   379 | D:1      | Reached * piety under Lugonu
   605 | D:1      | Reached skill level 3 in Long Blades
   605 | D:1      | Reached XP level 3. HP: 25/29 MP: 4/4
  1665 | D:2      | Reached XP level 4. HP: 35/35 MP: 5/5
  2455 | D:2      | Reached skill level 4 in Long Blades
  2657 | D:3      | Found a shimmering blue altar of Sif Muna.
  2659 | D:3      | Found a blossoming altar of Fedhas.
  2669 | D:3      | Reached ** piety under Lugonu
  2669 | D:3      | Reached XP level 5. HP: 32/41 MP: 6/6
  2778 | D:3      | Noticed an ogre
  3437 | D:3      | Killed an ogre
  3437 | D:3      | Reached skill level 1 in Throwing
  3437 | D:3      | Reached XP level 6. HP: 9/47 MP: 7/7
  3997 | D:4      | Found a staircase to the Ecumenical Temple.
  4255 | D:4      | Reached skill level 5 in Long Blades
  5133 | D:5      | Entered Level 5 of the Dungeon
  5238 | D:5      | Noticed an ogre
  5244 | D:5      | Killed an ogre
  5244 | D:5      | Reached XP level 7. HP: 32/52 MP: 8/8
  5507 | D:5      | Noticed a hungry ghost
  5746 | D:5      | Reached skill level 6 in Long Blades
  5817 | D:5      | Found a hide-covered altar of Uskayaw.
  5818 | D:5      | Found the +2 hat of the Bear Spirit {Spirit, +Rage rN+
                  | MR++}
  5949 | D:5      | Found Jutuof's Armour Boutique.
  5955 | D:5      | Bought a scarf of repulsion for 132 gold pieces
  5972 | D:5      | Found a runed translucent gate.
  5972 | D:5      | Found a runed translucent gate.
  5972 | D:5      | Identified the +8 whip of Ekuzol {drain, rF+ Str+7}
  5973 | D:5      | Found a runed translucent gate.
  5973 | D:5      | Noticed zkyp's ghost (novice CeCK)
  6177 | D:5      | Reached skill level 1 in Evocations
  6441 | D:5      | Killed a hungry ghost
  6441 | D:5      | Reached XP level 8. HP: 49/58 MP: 7/9
  7447 | D:6      | Reached skill level 7 in Long Blades
  7447 | D:6      | Reached skill level 5 in Armour
  7838 | D:6      | Reached XP level 9. HP: 37/63 MP: 11/11
  8030 | D:6      | Found an iron altar of Okawaru.
  8087 | D:6      | Found a bloodstained altar of Trog.
  8334 | D:7      | Found an iron altar of Okawaru.
  8350 | D:7      | Reached *** piety under Lugonu
  8678 | D:7      | Reached skill level 8 in Long Blades
  8766 | D:7      | Noticed a hornet
  8772 | D:7      | Paralysed by a hornet for 2 turns
  8774 | D:7      | Killed a hornet
  8774 | D:7      | Reached skill level 5 in Evocations
  9926 | D:8      | Reached skill level 5 in Throwing
  9947 | D:8      | Reached XP level 10. HP: 61/70 MP: 14/14
 10010 | D:8      | Reached **** piety under Lugonu
 10010 | D:8      | Reached skill level 9 in Long Blades
 10366 | D:8      | Paralysed by a hornet for 1 turns
 10765 | D:8      | Noticed a death yak
 10767 | D:8      | Noticed a death yak
 10777 | D:8      | Noticed a death yak
 10778 | D:8      | Noticed a death yak
 10780 | D:8      | Noticed a death yak
 10788 | D:8      | Slain by a death yak

Levels and vault maps discovered:
D:1:      shiori_shiawase, layout_loops_cross, serial_bayou_crossing
D:2:      layout_loops_corners
D:3:      layout_basic, grunt_temple_overflow_open, kennysheep_generic_room_14
D:4:      layout_loops_corners, lemuel_temple_firewalk_b, first_ration
D:5:      layout_basic, eat_drink_and_be_merry_uskayaw, serial_shops, shop,
          gammafunk_ghost_nasty_kobolds,
          hangedman_abyss_or_decor_jellyfish_corner, kennysheep_minor_cross,
          roderic_lattice_a, minmay_misc_feat_doors,
          chequers_serial_rivers_large_a, kennysheep_opposing_triangles
D:6:      layout_rooms, kennysheep_mini_moat, basic_altar, corexii_shack
D:7:      layout_basic, okawaru_metal_pillars_3
D:8:      layout_basic, dpeg_lair_monsters, hangedman_pestilent_swarm,
          interstate_on_off

Skill      XL: |  1  2  3  4  5  6  7  8  9 10 |
---------------+-------------------------------+-----
Long Blades    | 3 4 5 6 7 8 9 |  9.3
Armour         | 3 4 5 6 |  6.6
Throwing       | 1 2 3 5 |  5.6
Evocations     | 1 3 5 6 |  6.0
Invocations    | 3 |  3.3
Fighting       | |  3.0
Dodging        | |  1.0

Action                   |  1- 3 |  4- 6 |  7- 9 | 10-12 || total
-------------------------+-------+-------+-------+-------++-------
Melee: Falchion          |    88 |   168 |   124 |       ||   380
       Long sword        |       |       |   252 |    56 ||   308
Throw: Boomerang         |     3 |    25 |    27 |    16 ||    71
       Dart              |       |     8 |    14 |     4 ||    26
Invok: Depart the Abyss  |     1 |       |       |       ||     1
Evoke: Wand              |       |     1 |     9 |     4 ||    14
  Use: Scroll            |       |     2 |     5 |     5 ||    12
       Potion            |       |       |       |     2 ||     2
 Stab: Invisible         |       |       |       |     1 ||     1
  Eat: Chunk             |     2 |    11 |    10 |     1 ||    24
       Ration            |       |       |     3 |       ||     3
Armor: Ring mail         |    29 |    13 |       |       ||    42
       Leather armour    |     3 |       |       |       ||     3
       Scale mail        |       |    67 |   160 |       ||   227
       Plate armour      |       |       |    39 |    42 ||    81
Dodge: Dodged            |    47 |    87 |   137 |    17 ||   288
       Deflected         |       |       |     9 |     1 ||    10
       Rpst.: Falchion   |    15 |    35 |    17 |       ||    67
       Long sword        |       |       |    24 |     3 ||    27
